 Dungeon Crawl Stone Soup version 0.23-a0-458-g93a6ea9 (webtiles) character file.

6008 Mgcat the Thaumaturge (level 10, -3/56 HPs)
             Began as a Deep Elf Earth Elementalist on Nov 26, 2018.
             Was a Believer of Vehumet.
             Slain by a komodo dragon (29 damage)
             ... on level 10 of the Dungeon.
             The game lasted 00:27:34 (10933 turns).

Mgcat the Thaumaturge (DEEE)                       Turns: 10933, Time: 00:27:35

Health: -3/56      AC:  7    Str:  9    XL:     10   Next: 56%
Magic:  1/26       EV: 15    Int: 24    God:    Vehumet [**....]
Gold:   491        SH:  0    Dex: 19    Spells: 15/29 levels left

rFire    . . .     SeeInvis .   n - +4 dagger (speed)
rCold    + . .     Gourm    .   (no shield)
rNeg     . . .     Faith    .   w - +3 leather armour {rC+}
rPois    +         Spirit   .   (no helmet)
rElec    .         Reflect  .   (no cloak)
rCorr    .         Harm     .   (no gloves)
MR       +....                  q - +0 pair of boots
Stlth    ++........             (no amulet)
HPRegen  0.18/turn              c - ring "Hiotte Foreph" {*Corrode rPois Str+4 Dex+4 Slay+5}
MPRegen  0.20/turn              (no ring)

@: very slightly contaminated, studying Armour
A: no striking features
a: Renounce Religion


You were on level 10 of the Dungeon.
You worshipped Vehumet.
Vehumet was pleased with you.
You were very hungry.

You visited 2 branches of the dungeon, and saw 12 of its levels.

You collected 491 gold pieces.

Inventory:

Hand Weapons
 n - a +4 dagger of speed (weapon)
   (You took it off a goblin on level 2 of the Dungeon)
Missiles
 b - 319 stones (quivered)
 s - 2 throwing nets {=f, !d}
Armour
 q - a +0 pair of boots (worn)
   (You found it on level 5 of the Dungeon)
 w - a +3 leather armour of cold resistance (worn)
   (You took it off Duvessa on level 7 of the Dungeon)
Jewellery
 c - the ring "Hiotte Foreph" (left hand) {*Corrode rPois Str+4 Dex+4 Slay+5}
   (You found it on level 8 of the Dungeon)

   [ring of poison resistance]

   It affects your strength (+4).
   It affects your dexterity (+4).
   It affects your accuracy and damage with ranged weapons and melee attacks
   (+5).
   It protects you from poison.
   It may corrode you when you take damage.
 i - an uncursed ring of ice {rC+, rF-}
   (You found it on level 2 of the Dungeon)
Wands
 j - a wand of acid (9)
   (You found it on level 5 of the Dungeon)
Scrolls
 a - 6 scrolls of remove curse
 f - 3 scrolls of teleportation
 g - a scroll of fear {unknown}
 k - 11 scrolls of identify
 o - a scroll of blinking {!r}
 t - a scroll of enchant armour
 u - 2 scrolls of torment {unknown}
 v - a scroll of random uselessness {unknown}
 y - 3 scrolls of brand weapon {unknown}
Potions
 e - a potion of magic {unknown}
 h - 2 potions of haste {unknown}
 l - 3 potions of cancellation {unknown}
 m - 4 potions of curing {unknown}
 p - 2 potions of flight {unknown}
 x - a potion of resistance {unknown}
Books
 r - a manual of Armour {!d}
   (You found it on level 4 of the Dungeon)
Comestibles
 d - 14 rations


   Skills:
 + Level 3.5 Fighting
 - Level 5.2 Armour
 + Level 4.8 Dodging
 - Level 2.4 Stealth
 - Level 10.3 Spellcasting
 + Level 7.3 Conjurations
 + Level 5.1 Transmutations
 + Level 3.4 Fire Magic
 + Level 9.4 Earth Magic


You had 15 spell levels left.
You knew the following spells:

 Your Spells              Type           Power        Failure   Level  Hunger
a - Sandblast             Erth           ######       1%          1    None
b - Stone Arrow           Conj/Erth      ######       1%          3    None
c - Petrify               Tmut/Erth      #####...     3%          4    #......
d - Lee's Rapid Deconstr  Erth           ######....   3%          5    ####...
e - Flame Tongue          Conj/Fire      #####        1%          1    None

Your spell library contained the following spells:

 Spells                   Type           Power        Failure   Level  Hunger
 Throw Frost              Conj/Ice       ####..       2%          2    None
 Magic Dart               Conj           ####         1%          1    None
 Passwall                 Tmut/Erth      #####...     1%          2    None
 Searing Ray              Conj           #####.       1%          2    None
 Iskenderun's Mystic Bla  Conj           #####...     3%          4    #......
 Dazzling Spray           Conj/Hex       ####..       4%          3    None
 Force Lance              Conj/Tloc      ####....     14%         4    #......
 Fulminant Prism          Conj/Hex       ####......   14%         4    #......


Dungeon Overview and Level Annotations

Branches:
Dungeon (11/15)            Temple (1/1) D:6            Lair (0/6) D:8
    Orc (0/2) D:9

Altars:
Ashenzari
Cheibriados
Dithmenos
Elyvilon
Fedhas
Gozag
Hepliaklqana
Kikubaaqudgha
Makhleb
Nemelex Xobeh
Okawaru
Qazlal
Ru
Sif Muna
Trog
Uskayaw
Vehumet
Wu Jian
Xom
Yredelemnul
Zin
The Shining One

Shops:
D:5 (


Message History

Confirm with . or Enter, or press ? or * to list all spells.
Aiming: Petrify (safe; 3% risk of failure)
Press: ? - help, Shift-Dir - straight line, f - centaur
Aim: a centaur, wielding a +0 shortbow and wearing a +0 centaur barding
Okay, then.
Casting: Petrify (safe; 3% risk of failure)
Confirm with . or Enter, or press ? or * to list all spells.
Aiming: Stone Arrow (safe; 1% risk of failure)
Press: ? - help, Shift-Dir - straight line, f - centaur
Aim: a centaur, wielding a +0 shortbow and wearing a +0 centaur barding The stone arrow hits the centaur.
You kill the centaur!
Vehumet accepts your kill.
You feel your power returning.
Casting: Stone Arrow (safe; 1% risk of failure)
Confirm with . or Enter, or press ? or * to list all spells.
You can't see any susceptible monsters within range! (Use Z to cast anyway.) Unknown command.
Casting: Stone Arrow (safe; 1% risk of failure)
Confirm with . or Enter, or press ? or * to list all spells.
Aiming: Petrify (safe; 3% risk of failure)
Press: ? - help, Shift-Dir - straight line, f - komodo dragon
Aim: a komodo dragon (chance to defeat MR: 53%)
The komodo dragon resists with significant effort.
Casting: Petrify (safe; 3% risk of failure)
Confirm with . or Enter, or press ? or * to list all spells.
Aiming: Petrify (safe; 3% risk of failure)
Press: ? - help, Shift-Dir - straight line, f/p - komodo dragon
Aim: a komodo dragon (chance to defeat MR: 53%)
The komodo dragon is moving more slowly.
The komodo dragon stops moving altogether!
A troll comes into view.
You see here an arrow.
The helpless komodo dragon fails to defend itself.
You impale the komodo dragon!!
The komodo dragon is moderately wounded.
You see here an arrow.
Casting: Petrify (safe; 3% risk of failure)
Confirm with . or Enter, or press ? or * to list all spells.
Aiming: Sandblast (safe; 1% risk of failure)
Press: ? - help, Shift-Dir - straight line, f/p - komodo dragon
Aim: a komodo dragon (moderately wounded, petrified)
The blast of sand hits the komodo dragon.
The komodo dragon is heavily wounded.
b - 322 stones
Casting: Sandblast (safe; 1% risk of failure)
Confirm with . or Enter, or press ? or * to list all spells.
Aiming: Sandblast (safe; 1% risk of failure)
Press: ? - help, Shift-Dir - straight line, f/p - komodo dragon
Aim: a komodo dragon (heavily wounded, petrified)
The blast of sand hits the komodo dragon.
The komodo dragon is heavily wounded.
b - 321 stones
Casting: Sandblast (safe; 1% risk of failure)
Confirm with . or Enter, or press ? or * to list all spells.
Aiming: Petrify (safe; 3% risk of failure)
Press: ? - help, Shift-Dir - straight line, f - troll, p - komodo dragon
Aim: a troll (chance to defeat MR: 71%)
The troll is moving more slowly.
The komodo dragon is no longer petrified.
The troll stops moving altogether!
Casting: Petrify (safe; 3% risk of failure)
Confirm with . or Enter, or press ? or * to list all spells.
Aiming: Petrify (safe; 3% risk of failure)
Press: ? - help, Shift-Dir - straight line, f - komodo dragon, p - troll
Aim: a komodo dragon (heavily wounded, chance to defeat MR: 53%)
You miscast Petrify.
You are very lightly contaminated with residual magic.
Sand pours from your hands.
Casting: Petrify (safe; 3% risk of failure)
Confirm with . or Enter, or press ? or * to list all spells.
Aiming: Petrify (safe; 3% risk of failure)
Press: ? - help, Shift-Dir - straight line, f/p - komodo dragon
Aim: a komodo dragon (heavily wounded, chance to defeat MR: 53%)
The komodo dragon resists with significant effort.
There is a stone staircase leading up here.
The komodo dragon completely misses you.
You climb upwards.
There is a stone staircase leading down here.
The komodo dragon bites you!!
Casting: Petrify (safe; 3% risk of failure)
Confirm with . or Enter, or press ? or * to list all spells.
Aiming: Sandblast (safe; 1% risk of failure)
Press: ? - help, Shift-Dir - straight line, f - komodo dragon
Aim: a komodo dragon (moderately wounded)
The blast of sand hits the komodo dragon.
The komodo dragon is moderately wounded.
b - 320 stones The komodo dragon bites you!
Casting: Sandblast (safe; 1% risk of failure)
Confirm with . or Enter, or press ? or * to list all spells.
Aiming: Sandblast (safe; 1% risk of failure)
Press: ? - help, Shift-Dir - straight line, f/p - komodo dragon
Aim: a komodo dragon (moderately wounded)
The blast of sand hits the komodo dragon.
The komodo dragon is heavily wounded.
b - 319 stones The komodo dragon bites you!!
Ouch! That really hurt!
You die...

#.#.#.......##...
#.#.#....##.##.##
#.#.#######.##.#.
#.#.# #.##.## #.#.#
#.##...
#.#.#######.##...
#.#.........##...
#####l############.##
#<..@>...............
########.#.##.#.##.##
#.#.##.#.##.##
####....#.#.##.##
#.......#.#.##.##
#.......#.......#
#.......###.#####
####...............#
#...........##.##..#


You could see a komodo dragon.

Vanquished Creatures
  Harold (D:7)
  An unseen horror (D:9)
  Pikel (D:5)
  2 centaur skeletons (D:9)
  A hornet (D:9)
  2 hippogriffs
  Sigmund (D:2)
  Duvessa (D:7)
  A black bear (D:6)
  2 orc warriors
  A phantom (D:4)
  2 sky beasts
  2 necrophages
  3 slaves (D:5)
  An ogre (D:10)
  3 centaurs
  A big kobold (D:9)
  4 bullfrogs
  Dowan (D:7)
  5 howler monkeys
  4 crimson imps
  A centaur zombie (D:9)
  A jelly (D:10)
  A quasit (D:9)
  8 hounds
  A gnoll shaman (D:6)
  5 orc priests
  A bullfrog skeleton (D:5)
  Jessica (D:2)
  2 iguanas
  Natasha (twice) (D:2)
  7 orc wizards
  9 worker ants
  A hound zombie (D:6)
  A howler monkey skeleton (D:11)
  A howler monkey zombie (D:6)
  8 gnolls
  14 adders
  A shadow imp (D:9)
  An ooze (D:4)
  An adder zombie (D:6)
  4 adder skeletons
  2 worms
  3 leopard geckos
  32 orcs
  2 giant cockroaches
  7 goblins
  6 hobgoblins
  11 jackals
  4 kobolds
  2 quokkas
  A ball python (D:1)
  3 bats
  4 frilled lizards (D:2)
  A jackal skeleton (D:4)
  A leopard gecko zombie (D:8)
  2 quokka zombies
  6 rats
198 creatures vanquished.

Notes
Turn   | Place    | Note
-------+----------+-------------------------------------------
     0 | D:1      | Mgcat the Deep Elf Earth Elementalist began the quest for
                  | the Orb.
     0 | D:1      | Reached XP level 1. HP: 10/10 MP: 6/6
   718 | D:2      | Noticed Jessica
   757 | D:2      | Reached XP level 2. HP: 15/15 MP: 2/8
   813 | D:2      | Found a hazy altar of Hepliaklqana.
   865 | D:2      | Noticed Sigmund
   872 | D:2      | Killed Sigmund
   872 | D:2      | Reached skill level 5 in Spellcasting
   872 | D:2      | Reached skill level 5 in Earth Magic
   872 | D:2      | Reached XP level 3. HP: 19/19 MP: 4/12
   872 | D:2      | Reached XP level 4. HP: 24/24 MP: 4/13
   872 | D:2      | Reached XP level 5. HP: 28/28 MP: 4/15
   876 | D:2      | Killed Jessica
   938 | D:2      | Learned a level 3 spell: Stone Arrow
   943 | D:2      | Learned a level 4 spell: Petrify
   949 | D:2      | Learned a level 5 spell: Lee's Rapid Deconstruction
  1140 | D:2      | Noticed Natasha
  1143 | D:2      | Killed Natasha
  1143 | D:2      | Reached skill level 6 in Spellcasting
  1560 | D:2      | Noticed Natasha
  1572 | D:2      | Killed Natasha
  1572 | D:2      | Reached XP level 6. HP: 14/32 MP: 0/17
  2201 | D:3      | Found an ornate altar of the Wu Jian Council.
  2249 | D:3      | Reached skill level 1 in Conjurations
  2724 | D:4      | Reached skill level 2 in Transmutations
  2852 | D:4      | Reached skill level 6 in Earth Magic
  3044 | D:4      | Found a shadowy altar of Dithmenos.
  3293 | D:4      | Reached skill level 7 in Spellcasting
  3293 | D:4      | Reached skill level 2 in Conjurations
  3293 | D:4      | Reached XP level 7. HP: 36/36 MP: 8/19
  3523 | D:5      | Entered Level 5 of the Dungeon
  3689 | D:5      | Found Neklam's Antique Weapon Shoppe.
  3753 | D:5      | Reached skill level 3 in Transmutations
  4133 | D:5      | Reached skill level 3 in Conjurations
  4393 | D:5      | Noticed Pikel
  4399 | D:5      | Killed Pikel
  4399 | D:5      | Reached skill level 8 in Spellcasting
  4399 | D:5      | Reached skill level 4 in Conjurations
  4399 | D:5      | Reached skill level 4 in Transmutations
  4399 | D:5      | Reached skill level 7 in Earth Magic
  4399 | D:5      | Reached XP level 8. HP: 36/41 MP: 3/22
  5143 | D:6      | Found an ancient bone altar of Kikubaaqudgha.
  5143 | D:6      | Found a snail-covered altar of Cheibriados.
  5171 | D:6      | Found a blossoming altar of Fedhas.
  5362 | D:6      | Found a burning altar of Makhleb.
  5377 | D:6      | Found a white marble altar of Elyvilon.
  5387 | D:6      | Found a staircase to the Ecumenical Temple.
  5422 | Temple   | Entered the Ecumenical Temple
  5556 | D:6      | Reached skill level 5 in Transmutations
  5770 | D:6      | Reached skill level 5 in Conjurations
  5869 | D:6      | Reached skill level 1 in Armour
  5869 | D:6      | Reached skill level 9 in Spellcasting
  5899 | D:6      | Found a radiant altar of Vehumet.
  5909 | D:6      | Became a worshipper of Vehumet
  6369 | D:7      | Noticed Harold
  6380 | D:7      | Killed Harold
  6380 | D:7      | Reached skill level 1 in Fighting
  6380 | D:7      | Reached skill level 3 in Armour
  6380 | D:7      | Reached skill level 8 in Earth Magic
  6380 | D:7      | Reached XP level 9. HP: 46/48 MP: 9/24
  6647 | D:7      | Reached skill level 6 in Conjurations
  6675 | D:6      | Reached skill level 2 in Fighting
  6795 | D:7      | Noticed Duvessa
  6795 | D:7      | Noticed Dowan
  6817 | D:7      | Killed Dowan
  6866 | D:7      | Killed Duvessa
  7140 | D:7      | Reached * piety under Vehumet
  7140 | D:7      | Offered knowledge of Flame Tongue by Vehumet.
  7143 | D:7      | Learned a level 1 spell: Flame Tongue
  7216 | D:7      | Reached skill level 4 in Armour
  7981 | D:8      | Reached skill level 10 in Spellcasting
  8169 | D:8      | Reached skill level 1 in Fire Magic
  8230 | D:8      | Found a staircase to the Lair.
  8240 | D:8      | Reached skill level 3 in Dodging
  8596 | D:8      | Got a flickering silver ring
  8597 | D:8      | Identified the ring "Hiotte Foreph" {*Corrode rPois Str+4
                  | Dex+4 Slay+5} (You found it on level 8 of the Dungeon)
  8612 | D:8      | Found an opulent altar of Gozag.
  8690 | D:8      | Reached XP level 10. HP: 31/54 MP: 7/26
  8994 | D:9      | Found a shattered altar of Ashenzari.
  9003 | D:9      | Reached skill level 2 in Fire Magic
  9079 | D:9      | Reached skill level 3 in Fighting
  9079 | D:9      | Reached skill level 9 in Earth Magic
  9302 | D:9      | Offered knowledge of Throw Frost by Vehumet.
  9384 | D:9      | Reached ** piety under Vehumet
  9392 | D:9      | Killed an unseen horror
  9392 | D:9      | Reached skill level 5 in Armour
  9392 | D:9      | Reached skill level 4 in Dodging
  9392 | D:9      | Reached skill level 7 in Conjurations
  9469 | D:9      | Reached skill level 3 in Fire Magic
  9917 | D:9      | Found a staircase to the Orcish Mines.
 10028 | D:10     | Entered Level 10 of the Dungeon
 10933 | D:10     | Slain by a komodo dragon

Vault maps used:
D:1:      lightli_arrival_maybe_door_vault
D:2:      wad_pebble_path, lemuel_crystal_altar, minmay_quantized, uniq_sigmund,
          uniq_natasha, uniq_jessica
D:3:      old_standard_altar, hangedman_decor_diamond_cutter
D:4:      first_ration, kennysheep_flooded_box, minmay_manual_mullet
D:5:      serial_shops, kennysheep_little_box, uniq_pikel
D:6:      vehumet_crystals, lemuel_round_altar,
          chequers_temple_overflow_statue_of_worship,
          minmay_temple_entry_junction, fedhas_altar_2
D:7:      uniq_duvessa, uniq_harold
D:8:      lair_entry_dummy, lemuel_statue_altar
D:9:      ashenzari_conservatory_becter, orc_0_dummy
D:11:     lemuel_slime, uniq_snorg
Temple:   nicolae_temple_great_sept

Skill      XL: |  1  2  3  4  5  6  7  8  9 10 |
---------------+-------------------------------+-----
Spellcasting   | 5 6 7 8 9 10 | 10.3
Earth Magic    | 5 6 7 8 9 |  9.4
Conjurations   | 2 4 5 6 7 |  7.3
Transmutations | 2 4 5 |  5.1
Armour         | 3 4 5 |  5.2
Fighting       | 1 2 3 |  3.5
Fire Magic     | 1 3 |  3.4
Dodging        | 3 4 |  4.8
Stealth        | |  2.4

Action                   |  1- 3 |  4- 6 |  7- 9 | 10-12 || total
-------------------------+-------+-------+-------+-------++-------
Melee: Dagger            |     6 |    60 |    38 |    13 ||   117
 Cast: Sandblast         |    12 |    20 |    59 |    13 ||   104
       Stone Arrow       |       |    53 |   132 |    58 ||   243
       Petrify           |       |       |    16 |    12 ||    28
       Lee's Rapid Decon |       |       |     2 |     1 ||     3
  Use: Scroll            |       |     1 |     8 |       ||     9
 Stab: Sleeping          |       |       |     1 |       ||     1
       Petrified         |       |       |    12 |     5 ||    17
  Eat: Chunk             |       |     7 |    14 |     6 ||    27
       Ration            |       |       |     1 |       ||     1
Armor: Robe              |       |    13 |     4 |       ||    17
       Leather armour    |       |       |    11 |    12 ||    23
Dodge: Dodged            |     8 |    32 |    48 |    18 ||   106

Table legend:
 A = Non-vault XP
 B = Vault XP
 C = Vault XP percentage of total XP
 D = Non-vault monster count
 E = Vault monster count
 F = Vault count percentage of total count
                 A         B        C        D         E       F
            +---------+---------+-------+---------+---------+-------
      Total |    6294 |    2289 |  26.7 |     180 |      15 |   7.7
            +---------+---------+-------+---------+---------+-------
        D:1 |       9 |       0 |   0.0 |       5 |       0 |   0.0
        D:2 |     101 |     305 |  75.1 |      17 |       8 |  32.0
        D:3 |      47 |       0 |   0.0 |      13 |       0 |   0.0
        D:4 |     210 |     139 |  39.8 |      23 |       3 |  11.5
        D:5 |     426 |     629 |  59.6 |      15 |       1 |   6.2
        D:6 |     911 |       0 |   0.0 |      29 |       0 |   0.0
        D:7 |     584 |    1216 |  67.6 |      19 |       3 |  13.6
        D:8 |    1136 |       0 |   0.0 |      22 |       0 |   0.0
        D:9 |    2243 |       0 |   0.0 |      27 |       0 |   0.0
       D:10 |     502 |       0 |   0.0 |       8 |       0 |   0.0
       D:11 |     125 |       0 |   0.0 |       2 |       0 |   0.0
            +---------+---------+-------+---------+---------+-------

Vault maps used:
D:1:      lightli_arrival_maybe_door_vault
D:2:      wad_pebble_path, lemuel_crystal_altar, minmay_quantized, uniq_sigmund,
          uniq_natasha, uniq_jessica
D:3:      old_standard_altar, hangedman_decor_diamond_cutter
D:4:      first_ration, kennysheep_flooded_box, minmay_manual_mullet
D:5:      serial_shops, kennysheep_little_box, uniq_pikel
D:6:      vehumet_crystals, lemuel_round_altar,
          chequers_temple_overflow_statue_of_worship,
          minmay_temple_entry_junction, fedhas_altar_2
D:7:      uniq_duvessa, uniq_harold
D:8:      lair_entry_dummy, lemuel_statue_altar
D:9:      ashenzari_conservatory_becter, orc_0_dummy
D:11:     lemuel_slime, uniq_snorg
Temple:   nicolae_temple_great_sept

Table legend:
 A = Turns spent in this place as a percentage of turns spent in the entire game.
 B = Non-inter-level travel turns spent in this place as a percentage of non-inter-level travel turns spent in the entire game.
 C = Inter-level travel turns spent in this place as a percentage of turns spent in this place.
 D = Turns resting spent in this place as a percentage of non-inter-level travel turns spent in this place.
 E = Turns spent auto-exploring this place as a percentage of non-inter-level travel turns spent in this place.
 F = Non-inter-level travel turns spent in this place divided by the number of levels of this place that you've seen.
                   A       B       C       D       E      F
               +-------+-------+-------+-------+-------+----------------------
         Total | 100.0 | 100.0 |   8.7 |   3.7 |  82.7 | 832.1
       Dungeon |  99.2 |  99.3 |   8.6 |   3.8 |  82.6 | 901.3
        Temple |   0.8 |   0.7 |  14.5 |   0.0 |  97.2 |  71.0
               +-------+-------+-------+-------+-------+----------------------

Table legend:
 A = Kills in this place as a percentage of kills in entire the game.
 B = Kills by you in this place as a percentage of kills by you in the entire game.
 C = Kills by friends in this place as a percentage of kills by friends in the entire game.
 D = Other kills in this place as a percentage of other kills in the entire game.
 E = Experience gained in this place as a percentage of experience gained in the entire game.
 F = Experience gained in this place divided by the number of levels of this place that you have seen.
                   A       B       C       D       E      F
               +-------+-------+-------+-------+-------+----------------------
         Total | 100.0 | 100.0 |   N/A |   N/A | 100.0 | 715.2
       Dungeon | 100.0 | 100.0 |   N/A |   N/A | 100.0 | 780.3
               +-------+-------+-------+-------+-------+----------------------
